 Dungeon Crawl Stone Soup version 0.24.0-125-gc4c63601f3 (webtiles) character file.

Game seed: 10721990923210903539, levelgen mode: deterministic

17 Amplified the Skirmisher (level 2, -4/20 HPs)
             Began as a Gargoyle Chaos Knight on Mar 14, 2020.
             Was a Plaything of Xom.
             Slain by a gnoll
             ... wielding a +0 flail
              (6 damage)
             ... while paralysed
             ... on level 2 of the Dungeon.
             The game lasted 00:00:24 (156 turns).

Amplified the Skirmisher (Gargoyle Chaos Knight)     Turns: 156, Time: 00:00:25

Health: -4/20      AC:  6    Str: 15    XL:     2   Next: 62%
Magic:  2/2        EV:  2    Int: 12    God:    Xom [.....*]
Gold:   18         SH:  0    Dex:  9    Spells: 1/1 levels left

rFire    . . .     SeeInvis .   a - +0 mace (chaos)
rCold    . . .     Gourm    .   (no shield)
rNeg     + . .     Faith    .   e - +0 leather armour {MR+}
rPois    ∞         Spirit   .   (no helmet)
rElec    +         Reflect  .   (no cloak)
rCorr    .         Harm     .   (no gloves)
MR       +....                  (no boots)
Stlth    +.........             (no amulet)
HPRegen  0.06/turn              (no ring)
MPRegen  0.08/turn              (no ring)

@: paralysed, berserk cooldown, slowed
A: negative energy resistance 1, electricity resistance, unbreathing,
petrification resistance, rot immunity, AC +2
a: Renounce Religion


You were on level 2 of the Dungeon.
You worshipped Xom.
You were Xom's teddy bear.
You were not hungry.

You visited 1 branch of the dungeon, and saw 2 of its levels.

You collected 18 gold pieces.

Inventory:

Hand Weapons
 a - a +0 mace of chaos (weapon)
Armour
 b - a +2 leather armour
 e - a +0 leather armour of magic resistance (worn)
Scrolls
 f - a scroll of teleportation {unknown}
 g - a scroll of amnesia {unknown}
Comestibles
 c - a ration
 d - 5 chunks of flesh


   Skills:
 * Level 3.6 Fighting
 * Level 3.3 Maces & Flails
 + Level 2.4 Armour
 + Level 1.0 Dodging


You had one spell level left.
You didn't know any spells.
Your spell library was empty.

Dungeon Overview and Level Annotations

Branches:
Dungeon (1/15)

Altars:


Innate Abilities, Weirdness & Mutations

You are resistant to torment.
Your stone body is resilient. (AC +2)
You are immune to poison.
You resist negative energy. (rN+)
You are resistant to electric shocks. (rElec)
You can survive without breathing.
You are immune to petrification.
You are immune to rotting.


Message History

You hit the gnoll but do no damage.
The gnoll is poisoned.
The gnoll hits you but does no damage. The goblin hits you but does no damage.
You closely miss the gnoll.
The gnoll is lightly wounded.
The gnoll misses you. The goblin completely misses you.
Xom grants you a minor favour.
A red film seems to cover your vision as you go berserk!
You feel yourself moving faster!
You feel mighty!
You are now Xom's teddy bear.
You feel a strong urge to attack something.
You feel your anger nearly subside.
You are no longer berserk.
You pass out from exhaustion.
You feel yourself slow down. The gnoll hits you with a +0 flail.
The gnoll hits you with a +0 flail! The goblin hits you with a +0 dagger.
The goblin hits you but does no damage. The gnoll hits you with a +0 flail.
* * * LOW HITPOINT WARNING * * *
The goblin hits you but does no damage. The gnoll hits you with a +0 flail.
You die...
Xom snickers!

###.. ##
#.#..
.....##.
....
........#.>#
...........#
......##...#
#g..#......
..##g###
###.. #.#gg#
#.#@## #.#.#
#.#.# #.#.#
#.#.# #.#.#
##)#.#
#[...#
#...##


You could see 3 gnolls and a goblin.

Vanquished Creatures
  An adder (D:2)
  A goblin (D:1)
  4 jackals (D:2)
  A kobold (D:2)
7 creatures vanquished.

Notes
Turn   | Place    | Note
-------+----------+-------------------------------------------
     0 | D:1      | Amplified the Gargoyle Chaos Knight began the quest for the
                  | Orb.
     0 | D:1      | Reached XP level 1. HP: 14/14 MP: 1/1
    68 | D:1      | You fall into a shaft and drop 1 floor!
    93 | D:2      | Reached XP level 2. HP: 16/19 MP: 2/2
    96 | D:2      | Reached skill level 1 in Dodging
   148 | D:2      | XOM: potion effect (berserk rage)
   156 | D:2      | Slain by a gnoll

Levels and vault maps discovered:
D:1:      scummos_arrival_checkerplants, layout_basic, minmay_misc_feat_chi,
          st_stairs_12
D:2:      layout_rooms, zin_scriptorium, minmay_pentomino_pile

Skill      XL: |  1  2 |
---------------+-------+-----
Dodging        | 1 |  1.0
Fighting       | |  3.6
Maces & Flails | |  3.3
Armour         | |  2.4

Action                   || total
-------------------------++-------
Melee: Mace              ||    30
  Use: Potion            ||     1
Armor: Leather armour    ||    13
Dodge: Dodged            ||    25
